 Dungeon Crawl Stone Soup version 0.17.1-3-g152610e (webtiles) character file.

6809 kaze the Nimble (level 10, -9/110 HPs)
             Began as a Troll Berserker on Apr 27, 2016.
             Was an Elder of Trog.
             Killed by divine providence
             ... invoked by an orc priest
              (15 damage)
             ... on level 9 of the Dungeon.
             The game lasted 00:15:35 (5896 turns).

kaze the Nimble (Troll Berserker)                   Turns: 5896, Time: 00:15:35

Health: -9/110     AC:  6    Str: 30    XL:     10   Next: 77%
Magic:  0/9        EV: 10    Int:  3    God:    Trog [****..]
Gold:   383        SH: 10    Dex: 12    Spells: 0 memorised, 9 levels left

rFire  . . .     SeeInvis .     a - +1 war axe (chop)
rCold  . . .     Clarity  .     F - +1 animal skin
rNeg   . . .     SustAt   .     k - +2 shield
rPois  .         Gourm    +     (helmet restricted)
rElec  .         Spirit   +     (no cloak)
rCorr  .         Warding  .     (gloves unavailable)
rMut   .         Stasis   .     (boots unavailable)
MR     +++..                    i - amulet of guardian spirit
Stlth  ++........               r - +3 ring of dexterity
                                x - ring of protection from magic

@: lethally poisoned (-9 -> -9), exhausted, regenerating, slowed, very slow,
extremely resistant to hostile enchantments, unstealthy
A: unfitting armour, claws 3, fast metabolism 3, gourmand, regeneration 2,
robust 1, shaggy fur 1, tough skin 2
a: Berserk, Trog's Hand, Brothers in Arms, Burn Spellbooks, Renounce Religion


You were on level 9 of the Dungeon.
You worshipped Trog.
Trog was greatly pleased with you.
You were not hungry.

You visited 1 branch of the dungeon, and saw 9 of its levels.

You collected 383 gold pieces.

Inventory:

Hand Weapons
 a - a +1 war axe of chopping (weapon)
 V - a +1 morningstar of flaming
Missiles
 n - 11 steel sling bullets
 u - 13 exploding sling bullets
 y - 16 bolts
 z - 7 poisoned javelins (quivered)
 B - 2 javelins
 D - 19 sling bullets
 L - 6 bolts of frost
 U - 5 tomahawks
Armour
 k - a +2 shield (worn)
 F - a +1 animal skin (worn)
Jewellery
 d - an uncursed amulet of the gourmand {unknown}
 i - an amulet of guardian spirit (around neck)
 r - a +3 ring of dexterity (right claw)
 x - a ring of protection from magic (left claw)
Wands
 J - a wand of flame (48)
 R - a wand of paralysis (12)
 S - a wand of draining (12)
Scrolls
 e - 4 scrolls of teleportation
 g - 3 scrolls of remove curse
 h - a scroll of fog
 q - a scroll of identify
 w - a scroll of vulnerability {unknown}
 E - a scroll of blinking
 M - 2 scrolls of magic mapping
Potions
 c - a potion of flight {unknown}
 j - 2 potions of heal wounds {unknown}
 l - a potion of brilliance {unknown}
 m - 2 potions of mutation {unknown}
 o - 2 potions of poison {unknown}
 p - 2 potions of haste {unknown}
 s - a potion of cure mutation {unknown}
 t - 2 potions of agility {unknown}
 A - 2 potions of lignification {unknown}
 G - 2 potions of curing {unknown}
 K - 4 potions of might {unknown}
Comestibles
 v - 6 bread rations
 H - 3 meat rations
 Q - 7 beef jerkies


   Skills:
 + Level 6.4 Fighting
 + Level 4.6 Axes
   Level 5.1 Crossbows
 + Level 1.1 Throwing
 + Level 8.6 Dodging
 + Level 2.2 Stealth
 + Level 5.6 Unarmed Combat


You had 9 spell levels left.
You didn't know any spells.

Dungeon Overview and Level Annotations

Branches:
Dungeon (9/15)             Temple (0/1) D:7            Lair (0/8) D:8
    Orc: D:9-12

Altars:
Cheibriados
Dithmenos
Elyvilon
Gozag
Makhleb
Qazlal
Ru
Sif Muna
Trog
Xom
Yredelemnul
Zin


Innate Abilities, Weirdness & Mutations

You are too large for most types of armour.
You have claws for hands.
Your metabolism is lightning-fast.
You like to eat raw meat.
You heal very quickly.
You are covered in fur (AC +1).
You have very tough skin (AC +2).
You are robust (+10% HP).


Message History

* * * LOW HITPOINT WARNING * * *
You feel sick.
You feel your anger subside.
* * * LOW HITPOINT WARNING * * *
You feel sick.
You are no longer berserk.
You are exhausted.
You feel yourself slow down.
* * * LOW HITPOINT WARNING * * *
You feel sick.
The orc priest miscasts a cantrip.
Your skin crawls.
You feel resistant to hostile enchantments.
You feel slightly more hungry.
You feel sick.
You feel sick. You block the orc priest's attack.
You feel sick.
You feel sick.
The orc priest mumbles some strange prayers to Beogh against you.
Something smites you!
You die...

...... ≈≈≈ ..... ≈≈≈
≈≈≈≈ ≈≈≈≈
######≈≈≈≈≈
#....#≈≈≈.≈
#....#≈≈...
#....#≈≈...
[.############....#
.........oO.go@)###
.######''######.#
#.)o.....#.#
+........#.#
#........#.#
#############.#
..............###
####....####....#
#..#....#..#....#≈..


You could see a two-headed ogre, a gnoll sergeant and 2 orc priests.

Vanquished Creatures
  The ghost of juanjsm the Chopper, a novice HOFi of Okawaru (D:7)
  A hill giant (D:9)
  A manticore (D:9)
  The ghost of attackplan the Skirmisher, a novice HOFi (D:4)
  Psyche (D:8)
  A troll (D:9)
  A two-headed ogre (D:8)
  A yak (D:9)
  A wyvern (D:9)
  A hog (D:9)
  An orc warrior (D:8)
  3 ice beasts
  3 black bears
  7 ogres
  3 sky beasts
  A necrophage (D:9)
  2 centaurs
  3 giant frogs
  2 gnoll sergeants (D:9)
  A wyvern zombie (D:8)
  5 killer bees (D:9)
  2 scorpions
  4 electric eels (D:9)
  A centaur zombie (D:6)
  9 crimson imps
  2 giant frog zombies
  4 orc priests
  6 hounds
  6 orc wizards
  4 giant frog skeletons
  A centaur skeleton (D:6)
  4 worker ants (D:5)
  2 iguanas
  A hound zombie (D:7)
  A hound skeleton (D:8)
  7 adders
  9 gnolls
  A worker ant zombie (D:7)
  3 adder skeletons
  An adder zombie (D:8)
  An ooze (D:3)
  2 worms
  2 giant geckos
  15 orcs
  7 bats
  6 giant cockroaches
  7 goblins
  4 hobgoblins
  7 jackals
  A ball python (D:2)
  A giant cockroach zombie (D:5)
  A giant gecko skeleton (D:8)
  4 giant newts
  5 kobolds
  3 quokkas
  2 quokka skeletons
  4 rats
181 creatures vanquished.

Vanquished Creatures (others)
  23 plants (D:9)
23 creatures vanquished.

Grand Total: 204 creatures vanquished

Notes
Turn   | Place    | Note
--------------------------------------------------------------
     0 | D:1      | kaze the Troll Berserker began the quest for the Orb.
     0 | D:1      | Reached XP level 1. HP: 22/22 MP: 0/0
   170 | D:1      | Reached XP level 2. HP: 29/29 MP: 1/1
   613 | D:2      | Found a faded altar to an unknown god.
   688 | D:2      | Reached XP level 3. HP: 34/36 MP: 2/2
   698 | D:2      | Reached ** piety under Trog
   951 | D:3      | Found an opulent altar of Gozag.
  1160 | D:3      | Found a burning altar of Makhleb.
  1161 | D:3      | Found a snail-covered altar of Cheibriados.
  1162 | D:3      | Found a bloodstained altar of Trog.
  1162 | D:3      | Found a shadowy altar of Dithmenos.
  1164 | D:3      | Found a basalt altar of Yredelemnul.
  1164 | D:3      | Found a sacrificial altar of Ru.
  1286 | D:4      | Reached XP level 4. HP: 29/45 MP: 3/3
  1307 | D:4      | Noticed an ogre
  1317 | D:4      | Killed an ogre
  1317 | D:4      | Reached skill level 4 in Unarmed Combat
  1317 | D:4      | Reached XP level 5. HP: 53/53 MP: 4/4
  1473 | D:4      | Noticed attackplan's ghost (novice HOFi)
  1476 | D:4      | Noticed an ogre
  1478 | D:4      | Killed attackplan's ghost
  1478 | D:4      | Reached skill level 5 in Unarmed Combat
  1478 | D:4      | Reached XP level 6. HP: 32/62 MP: 5/5
  1478 | D:4      | Reached XP level 7. HP: 35/68 MP: 6/6
  1484 | D:4      | Killed an ogre
  1484 | D:4      | Reached skill level 1 in Stealth
  1841 | D:5      | Entered Level 5 of the Dungeon
  2046 | D:5      | Reached skill level 5 in Dodging
  2089 | D:5      | Reached *** piety under Trog
  2100 | D:5      | Received a gift from Trog
  2243 | D:5      | Reached XP level 8. HP: 78/78 MP: 7/7
  2244 | D:5      | Reached skill level 1 in Axes
  2244 | D:5      | Reached skill level 1 in Crossbows
  2501 | D:5      | Reached skill level 6 in Dodging
  2850 | D:6      | Reached skill level 5 in Fighting
  3186 | D:6      | Found a glowing silver altar of Zin.
  3186 | D:6      | Found a white marble altar of Elyvilon.
  3544 | D:7      | Received a gift from Trog
  3544 | D:7      | Reached skill level 1 in Throwing
  3544 | D:7      | Reached XP level 9. HP: 74/88 MP: 5/8
  3593 | D:7      | Found a stormy altar of Qazlal.
  3655 | D:7      | Found a staircase to the Ecumenical Temple.
  3721 | D:7      | Noticed juanjsm's ghost (novice HOFi)
  3734 | D:7      | Killed juanjsm's ghost
  3799 | D:7      | Reached skill level 7 in Dodging
  3945 | D:7      | Found a shimmering altar of Xom.
  4638 | D:8      | Found a staircase to the Lair.
  4680 | D:8      | Reached **** piety under Trog
  4710 | D:8      | Found a deep blue altar of Sif Muna.
  4719 | D:8      | Noticed Psyche
  4725 | D:8      | Killed Psyche
  4725 | D:8      | Reached XP level 10. HP: 81/98 MP: 7/9
  4836 | D:8      | Gained mutation: You are robust (+10% HP). [mutagenic meat]
  4869 | D:8      | Found a deep blue altar of Sif Muna.
  5381 | D:9      | Reached skill level 8 in Dodging
  5520 | D:9      | Noticed a hill giant
  5526 | D:9      | Killed a hill giant
  5588 | D:9      | Noticed a manticore
  5592 | D:9      | Killed a manticore
  5807 | D:9      | Reached skill level 5 in Crossbows
  5888 | D:9      | HP: 7/165 [gnoll sergeant/spear of venom (9)]
  5893 | D:9      | HP: 4/110 [poisoned by a gnoll sergeant]
  5896 | D:9      | Killed from afar by an orc priest

Action                   |  1- 3 |  4- 6 |  7- 9 | 10-12 || total
-------------------------+-------+-------+-------+-------++-------
Melee: Unarmed           |   103 |    12 |    17 |       ||   132
       War axe           |       |       |   257 |    60 ||   317
 Fire: Arbalest          |       |     7 |   102 |    73 ||   182
Throw: Javelin           |       |       |     8 |       ||     8
Invok: Berserk           |       |     1 |     4 |     3 ||     8
       Burn Spellbooks   |       |       |     2 |       ||     2
       Trog's Hand       |       |       |       |     1 ||     1
  Use: Scroll            |       |       |    13 |       ||    13
 Stab: Sleeping          |       |       |     1 |     1 ||     2
  Eat: Bread ration      |     2 |       |     2 |       ||     4
       Chunk             |       |     2 |    35 |     5 ||    42
       Fruit             |       |       |       |     3 ||     3
       Pizza             |       |       |       |     1 ||     1
